 Dungeon Crawl Stone Soup version 0.30.1 (webtiles) character file.

Game seed: 12150943056716511338

170 hawla the Firebug (level 6, -5/49 HPs)
             Began as a Meteoran Fire Elementalist on July 9, 2023.
             Slain by Edmund
             ... wielding a +4 flail of protection
              (8 damage)
             ... on level 4 of the Dungeon.
             The game lasted 00:03:51 (547 turns).

hawla the Firebug (Meteoran Fire Elementalist)       Turns: 547, Time: 00:03:51

Health: -5/49      AC:  4    Str:  9    XL:     6   Next: 8%
Magic:  0/11       EV: 13    Int: 18    God:
Gold:   68         SH:  0    Dex: 16    Spells: 5/12 levels left

rFire   . . .        (no weapon)
rCold   . . .        (no shield)
rNeg    . . .        a - +2 robe
rPois   .            (no helmet)
rElec   .            (no cloak)
rCorr   .            (no gloves)
SInv    .            (no boots)
Will    .....        (no amulet)
Stlth   +            (no ring)
HPRegen 0.28/turn    (no ring)
MPRegen 0.12/turn

%: no passive effects
@: glowing
A: sense surroundings 1, otherworldly, glowing, explore regen, low MP 1, robust
1, evolution 1
a: no special abilities


You were on level 4 of the Dungeon.
You visited 1 branch of the dungeon, and saw 4 of its levels.

You collected 68 gold pieces.

Inventory:

Armour
 a - a +2 robe (worn)
Potions
 c - a potion of haste


   Skills:
 - Level 2.8 Dodging
 - Level 1.4 Stealth
 - Level 3.9 Spellcasting
 + Level 3.7 Conjurations
 - Level 5.3 Fire Magic


You had 5 spell levels left.
You knew the following spells:

 Your Spells              Type           Power      Damage    Failure   Level
a - Foxfire               Conj/Fire      76%        2x1d7     2%          1
b - Scorch                Fire           44%        2d6       2%          2
c - Flame Wave            Conj/Fire      19%        2d7       22%         4

Your spell library contained the following spells:

 Spells                   Type           Power      Damage    Failure   Level
 Inner Flame              Hex/Fire       13%        N/A       16%         3
 Volatile Blastmotes      Fire/Tloc      26%        2d12      16%         3
 Cigotuvi's Dreadful Rot  Necr/Pois/Air  6%         N/A       22%         2
 Ignite Poison            Fire/Tmut/Pois 9%         N/A       22%         3
 Freezing Cloud           Conj/Ice/Air   3%         6-21      94%         5


Dungeon Overview and Level Annotations

Branches:
Dungeon (4/15) Zot: 1852
 Temple: D:4-7

Altars:

Shops:
D:4 (

Annotations:
D:4 Edmund


Innate Abilities, Weirdness & Mutations

You passively map a small area around you.
You are easily found by Zot.
You glow in the dark.
You regain HP and MP as you explore.
Your magical capacity is low. (-10% MP)
You are robust. (+10% HP)
You have hidden genetic potential.


Message History

Edmund closely misses you.
Unknown command.
Casting: Scorch (safe; 2% risk of failure)
Confirm with . or Enter, or press ? or * to list all spells.
Flames lash Edmund but do no damage.
Edmund hits you with a +4 flail of protection!
Unknown command.
Casting: Scorch (safe; 2% risk of failure)
Confirm with . or Enter, or press ? or * to list all spells.
The spell is quite dangerous to miscast (22% risk of failure)!
Continue anyway?
Casting: Flame Wave (quite dangerous; 22% risk of failure)
Press: ? - help, Dir - look around, f - activate A wave of flame ripples out!
The flame wave engulfs Edmund.
Edmund is moderately wounded. (Press . to intensify the flame waves.) Edmund hits you with a +4 flail of protection!
* * * LOW HITPOINT WARNING * * *
A wave of flame ripples out!
The flame wave engulfs Edmund but does no damage.
Edmund is moderately wounded.
You hear an angry hiss.
Edmund hits you with a +4 flail of protection!
* * * LOW HITPOINT WARNING * * *
Unknown command.
It was a potion of curing.
You feel better.
Edmund hits you with a +4 flail of protection!
* * * LOW HITPOINT WARNING * * *
Unknown command.
Okay, then.
As you read the scroll of enchant armour, it crumbles to dust.
Your +1 robe glows green for a moment.
Edmund closely misses you.
You hit Edmund.
Edmund is moderately wounded.
Edmund hits you with a +4 flail of protection.
* * * LOW HITPOINT WARNING * * *
Casting: Flame Wave (quite dangerous; 22% risk of failure)
Confirm with . or Enter, or press ? or * to list all spells.
You conjure some foxfire!
Edmund hits you with a +4 flail of protection!
You die...

* * ,....# * , * >
..., ,
#######'######.
........†......,
#######.#######* * ,
######.##...#### *
#....[.........# , ,
######.##.).v..# , ,
#.##.@@v..# #
######.##......# ,
.. *#......##......#
##.##......##......#
...........##......#
#.....†.####......#
#.........).).....#
,
######.####...#####
* ######'## ##......
,


You could see Edmund (ally target).

Vanquished Creatures
  A centaur (D:4)
  A hound (D:4)
  Ijyb (D:4)
  An adder (D:4)
  A worm (D:4)
  2 dart slugs
  An orc (D:3)
  A bat (D:3)
  2 endoplasms (D:3)
  2 goblins
  3 hobgoblins
  2 quokkas (D:3)
  3 ball pythons
  A frilled lizard (D:2)
  3 kobolds
  4 rats
29 creatures vanquished.

Vanquished Creatures (others)
  43 foxfires
43 creatures vanquished.

Grand Total: 72 creatures vanquished

Notes
Turn   | Place    | Note
-------+----------+-------------------------------------------
     0 | D:1      | hawla the Meteoran Fire Elementalist began the quest for
                  | the Orb.
     0 | D:1      | Reached XP level 1. HP: 14/14 MP: 5/5
   109 | D:1      | Reached XP level 2. HP: 20/20 MP: 2/6
   130 | D:2      | Reached skill level 4 in Fire Magic
   166 | D:3      | Learned a level 2 spell: Scorch
   273 | D:3      | Reached XP level 3. HP: 26/26 MP: 4/8
   400 | D:4      | Noticed a centaur
   409 | D:4      | Killed a centaur
   410 | D:4      | Reached skill level 5 in Fire Magic
   410 | D:4      | Reached XP level 4. HP: 15/33 MP: 2/10
   410 | D:4      | Reached XP level 5. HP: 17/38 MP: 2/11
   415 | D:4      | Learned a level 4 spell: Flame Wave
   445 | D:4      | Noticed Ijyb
   449 | D:4      | Gained mutation: You are robust. (+10% HP) [potion of
                  | mutation]
   449 | D:4      | Gained mutation: Your magical capacity is low. (-10% MP)
                  | [potion of mutation]
   449 | D:4      | Gained mutation: You have hidden genetic potential. [potion
                  | of mutation]
   458 | D:4      | Killed Ijyb
   523 | D:4      | Reached XP level 6. HP: 43/49 MP: 2/11
   523 | D:4      | Found Baon's Antique Weapon Shoppe.
   523 | D:4      | Noticed Edmund
   547 | D:4      | Slain by Edmund

Illustrated notes

Levels and vault maps discovered:
D:1:      minmay_arrival_doors, layout_basic, minmay_misc_feat_iff
D:2:      layout_basic, minmay_misc_feat_doors
D:3:      minmay_angry_zag, layout_basic, serial_shops, shop, shop,
          minmay_between
D:4:      layout_basic, serial_shops, shop, minmay_door_square, uniq_eustachio,
          uniq_edmund, uniq_ijyb

Skill      XL: |  1  2  3  4  5 |
---------------+----------------+-----
Fire Magic     | 4 5 |  5.3
Spellcasting   | 3 |  3.9
Conjurations   | 3 |  3.7
Dodging        | |  2.8
Stealth        | |  1.4

Action                     |  1- 3 |  4- 6 || total
---------------------------+-------+-------++-------
  Melee: Unarmed           |     2 |     9 ||    11
   Cast: Foxfire           |    19 |     6 ||    25
         Scorch            |     9 |     9 ||    18
         Flame Wave        |       |     2 ||     2
    Use: Scroll            |     3 |     1 ||     4
         Potion            |     2 |     4 ||     6
 Armour: Robe              |     2 |     1 ||     3
         Skin              |       |    15 ||    15
  Dodge: Dodged            |     4 |     9 ||    13
